 Dungeon Crawl Stone Soup version 0.29.1-15-g9cfb28693d (webtiles) character file.

Game seed: 6956473745885201496

115 Artool the Trooper (level 4, 0/37 HPs)
             Began as a Demonspawn Fighter on Apr 11, 2023.
             Slain by a kobold
             ... wielding a +1 whip of electrocution
              (14 damage)
             ... on level 3 of the Dungeon.
             The game lasted 00:04:07 (3685 turns).

Artool the Trooper (Demonspawn Fighter)             Turns: 3685, Time: 00:04:07

Health: 0/37       AC: 10    Str: 18    XL:     4   Next: 68%
Magic:  4/4        EV:  6    Int:  9    God:
Gold:   110        SH:  4    Dex: 13    Spells: 3/3 levels left

rFire   . . .      SeeInvis .   n - +0 whip
rCold   . . .      Faith    .   c - +0 buckler
rNeg    + . .      Spirit   .   s - +1 chain mail {rN+}
rPois   .          Reflect  .   (no helmet)
rElec   .          Harm     .   (no cloak)
rCorr   .          Rampage  .   (no gloves)
Will    .....                   (no boots)
Stlth   ..........              (no amulet)
HPRegen 0.12/turn               (no ring)
MPRegen 0.09/turn               (no ring)

@: no status effects
A: foul stench 1
a: no special abilities


You were on level 3 of the Dungeon.
You visited 1 branch of the dungeon, and saw 3 of its levels.

You collected 110 gold pieces.

Inventory:

Hand Weapons
 a - a +0 flail
 n - a +0 whip (weapon)
Missiles
 e - 5 boomerangs (quivered)
 r - 2 throwing nets
Armour
 b - a +0 scale mail
 c - a +0 buckler (worn)
 s - a +1 chain mail of positive energy (worn)
Jewellery
 p - an amulet of guardian spirit
 q - an amulet of regeneration
Scrolls
 i - 2 scrolls of poison {unknown}
 j - a scroll of summoning {unknown}
 o - a scroll of teleportation {unknown}
Potions
 d - a potion of might
 f - 4 potions of lignification {unknown}
 g - a potion of resistance {unknown}
 h - 3 potions of flight {unknown}
 k - 2 potions of curing {unknown}
 l - a potion of berserk rage {unknown}
 m - a potion of mutation {unknown}


   Skills:
 + Level 3.9 Fighting
 + Level 2.8 Maces & Flails
 + Level 3.5 Armour
 - Level 3.0 Shields


You had 3 spell levels left.
You didn't know any spells.
Your spell library contained the following spells:

 Spells                   Type           Power      Damage    Failure   Level
 Necrotise                Necr           0%         1d4       100%        1
 Vampiric Draining        Necr           0%         2d6       100%        3
 Agony                    Necr           0%         N/A       100%        5


Dungeon Overview and Level Annotations

Branches:
Dungeon (3/15)

Altars:
Uskayaw


Innate Abilities, Weirdness & Mutations

You may rarely emit foul miasma when damaged in melee.


Message History

The kobold is moderately wounded.
The kobold hits you with a +1 whip of electrocution.
You are electrocuted!
You barely miss the kobold.
The kobold is moderately wounded.
You hit the kobold but do no damage.
The kobold is moderately wounded.
The kobold hits you but does no damage.
You miss the kobold.
The kobold is moderately wounded.
You block the kobold's attack.
You hit the kobold but do no damage.
The kobold is moderately wounded.
The kobold hits you with a +1 whip of electrocution.
You hit the kobold but do no damage.
The kobold is moderately wounded.
The kobold hits you but does no damage.
You hit the kobold but do no damage.
The kobold is moderately wounded.
The kobold hits you but does no damage.
You hit the kobold but do no damage.
The kobold is moderately wounded.
You block the kobold's attack.
Hit: n) +0 whip
Press: ? - help, Dir - move target, f - kobold
Aim: a kobold, wielding a +1 whip of electrocution and wearing a +0 leather armour (moderately wounded, about 49% to evade your +0 whip)
Okay, then.
You barely miss the kobold.
The kobold is moderately wounded.
The kobold hits you but does no damage.
You hit the kobold but do no damage.
The kobold is moderately wounded.
The kobold hits you but does no damage.
You barely miss the kobold.
The kobold is moderately wounded.
The kobold hits you but does no damage.
You miss the kobold.
The kobold is moderately wounded.
The kobold hits you but does no damage.
You are electrocuted!
You die...

.####.#.####.#.##.####....###....
##.....................#.........
#.......#####...#.###########....
#..##.### #...#.# #.... #..##.#
#...#.# ###.#
#..##.#######...#.## ##.#
#.....##...........# ##...
#.###...........#..##########.###
#.# #..........K@...............)
#.###...........#############....
#.....##†.##.#.##### #....
###.##.............# #....
..........##.#.###.# #....
.....<.........# #.# #####
###.##.##.##...# #.# ###### #
#............###.# #.....
#..#.##.#.....##.### #.####


You could see a kobold.

Vanquished Creatures
  4 adders
  2 worms
  A dart slug (D:1)
  3 orcs (D:3)
  3 bats
  4 endoplasms
  A giant cockroach (D:3)
  5 goblins
  8 hobgoblins
  7 jackals
  A quokka (D:1)
  5 ball pythons
  7 frilled lizards
  9 kobolds
  7 rats
67 creatures vanquished.

Vanquished Creatures (others)
  A plant (D:1)
1 creature vanquished.

Grand Total: 68 creatures vanquished

Notes
Turn   | Place    | Note
-------+----------+-------------------------------------------
     0 | D:1      | Artool the Demonspawn Fighter began the quest for the Orb.
     0 | D:1      | Reached XP level 1. HP: 18/18 MP: 1/1
   357 | D:1      | Gained mutation: You may rarely emit foul miasma when
                  | damaged in melee. [demonic ancestry]
   357 | D:1      | Reached XP level 2. HP: 15/24 MP: 2/2
  1031 | D:1      | Reached XP level 3. HP: 28/29 MP: 3/3
  1921 | D:2      | Found a hide-covered altar of Uskayaw.
  2366 | D:3      | Reached XP level 4. HP: 10/36 MP: 4/4
  2370 | D:3      | HP: 1/36 [poisoned by an adder]
  3685 | D:3      | Slain by a kobold

Illustrated notes

Levels and vault maps discovered:
D:1:      shiori_arrival_oz, layout_basic, serial_bayou_lagoon_a
D:2:      layout_basic, basic_altar
D:3:      layout_loops_ring

Skill      XL: |  1  2 |
---------------+-------+-----
Maces & Flails | 2 |  2.8
Armour         | 3 |  3.5
Shields        | 3 |  3.0
Fighting       | |  3.9

Action                   |  1- 3 |  4- 6 || total
-------------------------+-------+-------++-------
Melee: Flail             |   130 |       ||   130
       Whip              |    29 |    95 ||   124
Armor: Scale mail        |    79 |     6 ||    85
       Chain mail        |       |    41 ||    41
Dodge: Dodged            |    74 |    15 ||    89
Block: Buckler           |    37 |    26 ||    63
